[Event "GrandPrix_29.05"]
[Site "Chess.com"]
[Date "2020.05.29"]
[Round "3"]
[White "Dolphin_2010"]
[Black "hubertsmazak"]
[Result "0-1"]
[WhiteElo "2009"]
[BlackElo "2326"]
[TimeControl "600+2"]
[EndTime "10:24:52 PDT"]
[Termination "hubertsmazak won by checkmate"]

1. e4 e5 2. Nf3 Nc6 3. d4 exd4 4. Bc4 Nf6 5. e5 d5 6. Bb5 Ne4 7. Nxd4 Bc5 8. Be3 Bd7 9. Bxc6 bxc6 10. O-O Bb6 11.
f3 Nc5 12. f4 Ne6 13. f5 Nxd4 14. Bxd4 Qh4 15. Bxb6 axb6 16. Nc3 O-O 17. f6 Rfe8 18.
fxg7 Rxe5 19. Qf3 Bf5 20. Ne2 Rae8 21. Nf4 Bxc2 22. Qc3 Ba4 23. b3 Bb5 24. Rf2 Re3 25.
Qd2 Qf6 26. Rc1 Qe5 27. h3 d4 28. a4 Ba6 29. Rxc6 Rxb3 30. Kh2 Re3 31. Rh6 d3 32. g3 Re2 33. Nxe2 Qxe2 34. Rf6 Qxd2 35. Rxd2 Re2+ 36. Rf2 Rxf2+ 37. Rxf2 c5 38. Kg2 c4 39. Rf4 c3 40.
Rd4 c2 41. Rd8+ Kxg7 42. h4 c1=Q 43. Kh3 Qh1+ 44. Kg4 Qe4+ 45. Kh3 Bb7 46. a5 Bd5 47. axb6 Be6+ 48. Kh2 Qe2+ 49. Kg1 Bh3 50. Rg8+ Kxg8 51.
b7 Kg7 52. b8=Q Qg2# 0-1

[Event "GrandPrix_29.05"]
[Site "Chess.com"]
[Date "2020.05.29"]
[Round "3"]
[White "moro182"]
[Black "Arm-Akiba"]
[Result "0-1"]
[WhiteElo "2528"]
[BlackElo "2863"]
[TimeControl "600+2"]
[EndTime "10:24:57 PDT"]
[Termination "Arm-Akiba won by resignation"]

1. d4 Nf6 2. c4 e6 3. Nc3 Bb4 4. e3 O-O 5. Bd3 d5 6. Nf3 dxc4 7. Bxc4 c5 8. O-O Bd7 9. a3 Ba5 10. Qe2 cxd4 11. exd4 Bc6 12. Rd1 Bd5 13. Bg5 Bxc4 14. Qxc4 Bxc3 15. bxc3 Qd5 16. Qd3 Rc8 17. Bxf6 gxf6 18. Nd2 Nd7 19. c4 Qf5 20. Qxf5 exf5 21. Rab1 Rc7 22. Rb5 Nb6 23. Rxf5 Nxc4 24. Nxc4 Rxc4 25.
h4 Rd8 26. Rf4 Rd5 27. Rd3 f5 28. Kh2 b5 29. Kg3 a5 30. Kf3 a4 31. g4 b4 32. axb4 Rxb4 33. Rxf5 Rxf5+ 34. gxf5 Rb3 35. Ke4 Rxd3 36. Kxd3 Kg7 37. f4 Kf6 38. Kc4 Kxf5 39. d5 Kf6 40. Kb4 Ke7 41. Kxa4 Kd6 42. Kb5 Kxd5 43.
h5 Ke4 44. Kc5 Kxf4 0-1

[Event "GrandPrix_29.05"]
[Site "Chess.com"]
[Date "2020.05.29"]
[Round "3"]
[White "Rikikits"]
[Black "nikosgal"]
[Result "1-0"]
[WhiteElo "2815"]
[BlackElo "2468"]
[TimeControl "600+2"]
[EndTime "10:24:58 PDT"]
[Termination "Rikikits won by resignation"]

1. e4 c5 2. Nc3 d6 3. d4 cxd4 4. Qxd4 a6 5. b3 Nc6 6. Qd2 Nf6 7. Bb2 e6 8. O-O-O Be7 9. Kb1 b5 10. f3 Bb7 11. g4 h6 12. h4 Qc7 13. Bh3 g5 14.
Nge2 Rg8 15. hxg5 hxg5 16. f4 gxf4 17. Qxf4 Ne5 18. g5 Nfd7 19. Rhg1 Nc5 20. a3 Rc8 21.
Nd4 Qb6 22. Rdf1 b4 23. axb4 Qxb4 24. g6 Rg7 25. Nd5 exd5 26. gxf7+ Rxf7 27. Qh6 Rxf1+ 28. Rxf1 Kd8 29. Qg7 Qd2 30. b4 Qxb4 31. Nf5 Nc6 32. Nxe7 Nxe7 33. Rf8+ Kc7 34. Qxe7+ Kb6 35. Bxc8 Nxe4 36.
Qxb7+ 1-0

[Event "GrandPrix_29.05"]
[Site "Chess.com"]
[Date "2020.05.29"]
[Round "3"]
[White "Belka1989"]
[Black "Herracek"]
[Result "0-1"]
[WhiteElo "2209"]
[BlackElo "2364"]
[TimeControl "600+2"]
[EndTime "10:24:58 PDT"]
[Termination "Herracek won by resignation"]

1. d4 Nf6 2. Nf3 e6 3. Bf4 c5 4. e3 Qb6 5. Na3 cxd4 6. Nb5 Nd5 7. Qxd4 Qxd4 8. Nfxd4 Nxf4 9. Nc7+ Kd8 10. Nxa8 Nd5 11. O-O-O Nc6 12. e4 Ndb4 13. a3 Nxd4 14. axb4 e5 15.
c3 Ne6 16. Bb5 b6 17. Rd3 d6 18. Bc6 Bd7 19. Bxd7 Kxd7 20. Kc2 Be7 21. Nxb6+ axb6 22. Ra1 Rc8 23. Ra7+ Rc7 24. Rxc7+ Nxc7 25. Rd1 Kc6 26. Kb3 g6 27. g3 f5 28. f3 b5 29. c4 bxc4+ 30. Kxc4 Bg5 31. Ra1 Be3 32. g4 f4 33.
g5 Bd4 34. h4 Bxb2 35. Rh1 Ne6 36. b5+ Kb6 37. Kd5 Nd4 38. Rh3 Ba3 39. h5 Bc5 40.
hxg6 hxg6 41. Rh6 Nxf3 42. Rxg6 Kxb5 43. Rg8 Nxg5 44. Rxg5 f3 45. Rf5 f2 46. Rf3 Kb4 47. Ke6 Kc4 48. Kf6 Be3 49. Kf5 Kd3 50. Kg4 Ke2 51.
Kg3 f1=Q 52. Rxf1 Kxf1 0-1

[Event "GrandPrix_29.05"]
[Site "Chess.com"]
[Date "2020.05.29"]
[Round "3"]
[White "2346PL"]
[Black "GrishaTheChamp"]
[Result "0-1"]
[WhiteElo "2064"]
[BlackElo "2213"]
[TimeControl "600+2"]
[EndTime "10:24:58 PDT"]
[Termination "GrishaTheChamp won by resignation"]

1. d4 Nf6 2. Bg5 Ne4 3. Bf4 c5 4. dxc5 Nxc5 5. Nc3 Nc6 6. e4 d6 7. Nf3 g6 8. e5 Ne6 9. Bg3 dxe5 10. Qxd8+ Nexd8 11. Nxe5 Nxe5 12. Bxe5 f6 13. Bc7 Ne6 14. Bg3 Bd7 15.
O-O-O Bh6+ 16. Kb1 Bc6 17. Bc4 Nf4 18. Bxf4 Bxf4 19. Nd5 Bxd5 20. Rxd5 Rd8 21. g3 Bc7 22. Rhd1 Rxd5 23. Bxd5 b6 24. Bc6+ Kf7 25. Rd7 Rd8 26. Bd5+ Ke8 27. Rxc7 Rxd5 28. Kc1 Rd7 29. Rc8+ Kf7 30.
a4 e5 31. b4 e4 32. Rc6 f5 33.
h4 Ke7 34. h5 Rd6 35. Rc7+ Rd7 36. Rxd7+ Kxd7 37. hxg6 hxg6 38. Kd2 Kd6 39. c4 Ke5 40. Kc3 g5 41. b5 f4 42. gxf4+ gxf4 43. c5 bxc5 44.
a5 Kd6 45. Kc4 Kc7 46. Kxc5 e3 47. fxe3 fxe3 0-1

[Event "GrandPrix_29.05"]
[Site "Chess.com"]
[Date "2020.05.29"]
[Round "3"]
[White "PresidenteMNE"]
[Black "Andrjywa"]
[Result "1-0"]
[WhiteElo "2466"]
[BlackElo "2062"]
[TimeControl "600+2"]
[EndTime "10:24:59 PDT"]
[Termination "PresidenteMNE won by resignation"]

1. d4 Nf6 2. Bg5 d5 3. e3 Ne4 4. Bf4 g5 5. Be5 Rg8 6. c4 e6 7. Nc3 Bb4 8. Rc1 Nd7 9. Bg3 Ndf6 10. Bd3 Bxc3+ 11. bxc3 Nxg3 12. hxg3 dxc4 13. Bxc4 Bd7 14. Nf3 Bc6 15. Ne5 Bxg2 16. Rh6 Bd5 17. Bxd5 Nxd5 18. c4 Nb6 19. Rxh7 Rf8 20. Qh5 Qf6 21. c5 Nd5 22. c6 bxc6 23. Rh6 Qe7 24. Nxc6 Qa3 25. Rc2 Kd7 26. Rh7 Ke8 27. Qxg5 Qd3 28. Rxf7 Kxf7 29. Ne5+ Ke8 30. Nxd3 1-0

[Event "GrandPrix_29.05"]
[Site "Chess.com"]
[Date "2020.05.29"]
[Round "3"]
[White "Zakaryan_David"]
[Black "DaggiGretarsson"]
[Result "0-1"]
[WhiteElo "1263"]
[BlackElo "2190"]
[TimeControl "600+2"]
[EndTime "10:25:01 PDT"]
[Termination "DaggiGretarsson won by resignation"]

1. d4 g6 2. c4 Bg7 3. e4 e6 4. Nc3 Ne7 5. f4 d5 6. e5 b6 7.
Nf3 Bb7 8. cxd5 Nxd5 9. Bb5+ Nd7 10. O-O O-O 11. Nxd5 Bxd5 12. Be3 c6 13. Be2 Qe7 14.
Qa4 a5 15. a3 Rfc8 16. Rac1 Bf8 17. Rfd1 c5 18. h3 c4 19. Bxc4 b5 20. Bxb5 Nb6 21.
Rxc8 Nxa4 22. Rxa8 Bxa8 23. Bxa4 Bxf3 24. gxf3 Qb7 25.
Kf2 Qxb2+ 26. Rd2 Qxa3 27. Bc6 Bb4 28. Rc2 Qb3 29. Be4 Bc3 30. Ke2 a4 31. Kd3 Bb4+ 32. Ke2 Bc3 33. Kd3 a3 34. Rxc3 Qd1+ 35. Bd2 a2 36.
Rc1 Qxc1 37. Bxc1 a1=Q 38. Be3 Qh1 39. d5 exd5 40. Bxd5 Qxh3 41. Kc4 Qc8+ 42. Kd4 h5 43. Bf2 Qd8 44. Ke4 Qe7 45. f5 Qb4+ 46. Kd3 gxf5 47. e6 Qb5+ 48. Bc4 Qb1+ 49. Kc3 Qc1+ 50. Kb3 Qd1+ 51.
Kb4 Qd2+ 52. Kb5 Qxf2 53. exf7+ Kf8 0-1

[Event "GrandPrix_29.05"]
[Site "Chess.com"]
[Date "2020.05.29"]
[Round "3"]
[White "faraone99"]
[Black "Lavrov_Maxim"]
[Result "0-1"]
[WhiteElo "2084"]
[BlackElo "2343"]
[TimeControl "600+2"]
[EndTime "10:25:05 PDT"]
[Termination "Lavrov_Maxim won by resignation"]

1. e4 e5 2. Nf3 Nc6 3. Bb5 a6 4. Ba4 Nf6 5. O-O Be7 6. Re1 b5 7. Bb3 O-O 8. h3 d6 9. c3 Na5 10. Bc2 c5 11. d4 Qc7 12. d5 c4 13. Nbd2 Re8 14. Nf1 Nb7 15. Ng3 Nc5 16. Nh2 a5 17.
Ng4 Nxg4 18. hxg4 b4 19. Be3 Rb8 20. Qf3 bxc3 21. bxc3 Rb2 22. Re2 g6 23. Bc1 Rb6 24. Be3 Bd7 25. Nf5 gxf5 26. gxf5 Bf6 27. g4 Qd8 28. Kg2 Nd3 29. Rh1 Nf4+ 30. Bxf4 exf4 31. Qh3 Kf8 32. Qxh7 Ke7 33. Qh6 Rh8 34. Qxf4 Rxh1 35. Kxh1 Qh8+ 36. Kg2 Be5 37. Qg5+ f6 38. Qh5 Qxh5 39.
gxh5 Be8 40. h6 Bh5 41. Re3 Bg4 42. h7 Rb8 43. Ba4 Rh8 44. Bb5 Rxh7 45. Bxc4 Rh2+ 46.
Kg1 Rh8 47. Bb3 Bf4 48. Re1 Bf3 0-1

[Event "GrandPrix_29.05"]
[Site "Chess.com"]
[Date "2020.05.29"]
[Round "3"]
[White "TheEternalPatzer"]
[Black "Forking_U"]
[Result "1-0"]
[WhiteElo "2143"]
[BlackElo "1987"]
[TimeControl "600+2"]
[EndTime "10:25:07 PDT"]
[Termination "TheEternalPatzer won on time"]

1. c4 c5 2. Nc3 Nf6 3. e4 Nc6 4. Nf3 e5 5. d3 Be7 6. g3 d6 7.
h3 Bd7 8. Bg2 Qc8 9. g4 h6 10.
Be3 Nh7 11. Nd5 Bd8 12. a3 Nf8 13. b4 Ne6 14. O-O h5 15. g5 h4 16. Kh2 Ne7 17. bxc5 Nxc5 18. d4 exd4 19. Bxd4 Ne6 20. e5 Nxd4 21. Qxd4 Nc6 22. Qe3 dxe5 23. Nxe5 Qb8 24. f4 Nxe5 25. fxe5 Be6 26. Kh1 O-O 27. Nf6+ gxf6 28. gxf6 Kh7 29. Rf4 1-0

[Event "GrandPrix_29.05"]
[Site "Chess.com"]
[Date "2020.05.29"]
[Round "3"]
[White "Guenplen"]
[Black "Cocolino12"]
[Result "1-0"]
[WhiteElo "2111"]
[BlackElo "2325"]
[TimeControl "600+2"]
[EndTime "10:25:10 PDT"]
[Termination "Guenplen won by resignation"]

1. d4 d5 2. Bf4 Nf6 3. e3 c5 4. c3 Nc6 5. Nd2 cxd4 6. exd4 Qb6 7. Qb3 Qxb3 8. axb3 Bf5 9. b4 e6 10. Ngf3 Be7 11.
b5 Nd8 12. b6 a6 13. Bb5+ Kf8 14. O-O h6 15. Nb3 Rc8 16. Ba4 Nc6 17. Bc7 Nb8 18. Na5 Ne8 19. Bg3 Bd8 20. Nxb7 Bxb6 21. Ne5 f6 22. Nd7+ Nxd7 23. Bxd7 Ra8 24. Rfe1 Ke7 25. Bxe8 Rhxe8 26. Nd6 Bd3 27. Nxe8 Rxe8 28. Re3 Bb5 29. Rae1 Kd7 30. Rf3 a5 31. h4 a4 32. h5 Ke7 33.
Bf4 Kf7 34. Bd6 Bc4 35. g4 Rd8 36. Ba3 Bc7 37. Kg2 Rb8 38. Bb4 Bb3 39. Kh3 Bb6 40.
Ba3 Bc4 41. Rfe3 Re8 42. f4 Bc7 43. Rf3 Bb3 44. Rf2 Bc4 45. Re3 Ba2 46. g5 hxg5 47.
fxg5 Bb1 48. g6+ Kg8 49. Kg2 Be4+ 50. Kf1 Bb6 51. h6 gxh6 52. Rxf6 Kg7 53. Rf2 e5 54. Rg3 Bxg6 55. Bf8+ Rxf8 56. Rxf8 exd4 57. Rb8 Bc5 58. Rc8 dxc3 59. bxc3 Bd6 60. Rxg6+ Kxg6 61. Rc6 Kf5 62. Rxd6 Ke4 63. Ke2 a3 64. Rxh6 1-0

[Event "GrandPrix_29.05"]
[Site "Chess.com"]
[Date "2020.05.29"]
[Round "3"]
[White "Mesropov_Konstantin"]
[Black "Haykos"]
[Result "0-1"]
[WhiteElo "1830"]
[BlackElo "2177"]
[TimeControl "600+2"]
[EndTime "10:25:16 PDT"]
[Termination "Haykos won by resignation"]

1. c4 e5 2. g3 Nc6 3. Bg2 g6 4.
Nc3 Bg7 5. d3 d6 6. Rb1 Be6 7. b4 Qd7 8. Nd5 Nd8 9. b5 c6 10.
bxc6 bxc6 11. Nc3 Ne7 12. Nf3 Bh3 13. O-O Bxg2 14. Kxg2 O-O 15. Bd2 Ne6 16. Qc1 f5 17. Bh6 d5 18. Bxg7 Kxg7 19. Nxe5 Qd6 20. f4 d4 21. Nd1 g5 22. Nf2 Qc7 23. e3 c5 24. Qd2 Rae8 25. h4 dxe3 26. Qxe3 gxf4 27. gxf4 Ng6 28. Nxg6 Qc6+ 29. Qf3 Qxf3+ 30. Kxf3 Nd4+ 31. Kg2 Kxg6 32. Rfe1 Kh5 33. Rxe8 Rxe8 34. Rb7 h6 35. Rxa7 Rg8+ 36. Kf1 Kxh4 37. Ra5 Kg3 38. Rxc5 Rb8 39.
Re5 Rb2 40. Nd1 Rb1 41. Ke1 Nf3+ 42. Ke2 Nxe5 43. fxe5 f4 44. e6 f3+ 45. Kd2 Rxd1+ 46.
Kxd1 f2 0-1

[Event "GrandPrix_29.05"]
[Site "Chess.com"]
[Date "2020.05.29"]
[Round "3"]
[White "IljaJoke"]
[Black "tigra"]
[Result "0-1"]
[WhiteElo "2307"]
[BlackElo "2582"]
[TimeControl "600+2"]
[EndTime "10:25:18 PDT"]
[Termination "tigra won by checkmate"]

1. d4 Nf6 2. c4 g6 3. Nc3 d5 4. cxd5 Nxd5 5. e4 Nxc3 6. bxc3 Bg7 7. Bc4 O-O 8. Ne2 c5 9. Be3 Nc6 10. h4 cxd4 11. cxd4 Qa5+ 12. Kf1 b6 13. Rc1 Bb7 14. h5 Rad8 15. hxg6 hxg6 16. Nf4 Ba6 17. Bxa6 Qxa6+ 18. Kg1 Nxd4 19. Qg4 Rc8 20. Rd1 Rfd8 21. Nd5 Qe2 22. Qxe2 Nxe2+ 23. Kf1 Nc3 24. Nxc3 Bxc3 25. Ke2 Rxd1 26.
Rxd1 Bb4 27. Rb1 Rc2+ 28. Kd3 Rc3+ 29. Kd4 a5 30. Bd2 e5+ 31. Kxe5 Rc5+ 32. Kf6 Bxd2 33. Rxb6 Bg5# 0-1

[Event "GrandPrix_29.05"]
[Site "Chess.com"]
[Date "2020.05.29"]
[Round "3"]
[White "ploky25"]
[Black "SipkeErnst"]
[Result "0-1"]
[WhiteElo "2006"]
[BlackElo "2076"]
[TimeControl "600+2"]
[EndTime "10:25:20 PDT"]
[Termination "SipkeErnst won on time"]

1. d4 d5 2. c4 c6 3. Nf3 Nf6 4. Nc3 e6 5. Bg5 Nbd7 6. cxd5 exd5 7. e3 Be7 8. Qc2 h6 9. Bh4 Nh5 10. Bxe7 Qxe7 11. O-O-O Nb6 12. h3 Be6 13. Kb1 O-O-O 14. Rc1 Kb8 15. Na4 Nxa4 16. Qxa4 Bf5+ 17. Ka1 Nf6 18. Rc3 Ne4 19. Ra3 b5 20. Ne5 Rd6 21.
Qa6 Rc8 22. Bd3 f6 23. Nf3 c5 24. Qxb5+ Rb6 25. Qa5 c4 26. Bxe4 Bxe4 27. Rc1 Rc7 28. Rac3 Rcb7 29. b3 Rb5 30. Qa4 Rb4 31. Qc6 Rxb3 32.
Rxb3 Rxb3 33. Nd2 Rb7 34. Nxe4 Qxe4 35. Qd6+ Ka8 36. Qc6 a5 37. Qa6+ Kb8 38. Qxa5 Kc8 39. a3 Kd7 40. Qa6 Rb3 41. Qa7+ Ke8 0-1

[Event "GrandPrix_29.05"]
[Site "Chess.com"]
[Date "2020.05.29"]
[Round "3"]
[White "Chessialist"]
[Black "GM_dmitrij"]
[Result "1-0"]
[WhiteElo "2457"]
[BlackElo "2519"]
[TimeControl "600+2"]
[EndTime "10:25:21 PDT"]
[Termination "Chessialist won by checkmate"]

1. c4 e5 2. Nc3 Bb4 3. Nd5 a5 4.
g3 Nf6 5. Bg2 O-O 6. a3 Bc5 7.
e3 d6 8. Ne2 c6 9. Nxf6+ Qxf6 10.
Nc3 Be6 11. d3 Qd8 12. O-O Bb6 13. b3 d5 14. Na4 Ba7 15. c5 Nd7 16. d4 Bb8 17. Bd2 Bc7 18. Qc2 e4 19. b4 axb4 20. axb4 f5 21. Nc3 g5 22. b5 Rxa1 23. Rxa1 f4 24.
Ra7 Qb8 25. Qa2 fxg3 26. hxg3 Bxg3 27. Nxe4 Bh4 28. Be1 Qe8 29. Nd6 Qh5 30. Ra8 Nb8 31. Qc2 Bg4 32. bxc6 bxc6 33. Qb1 Nd7 34. Rxf8+ Nxf8 35. Nf5 Bf3 36. Ne7+ Kh8 37. Qf5 Qe8 38. Qf6# 1-0

[Event "GrandPrix_29.05"]
[Site "Chess.com"]
[Date "2020.05.29"]
[Round "3"]
[White "MaxVavulin"]
[Black "mikolka1985"]
[Result "0-1"]
[WhiteElo "2083"]
[BlackElo "2447"]
[TimeControl "600+2"]
[EndTime "10:25:25 PDT"]
[Termination "mikolka1985 won by resignation"]

1. e4 e5 2. Nf3 Nc6 3. Bb5 a6 4. Ba4 Nf6 5. Qe2 Bc5 6. c3 O-O 7. d3 Re8 8. Nbd2 b5 9. Bb3 d6 10. Nf1 Be6 11. Bxe6 Rxe6 12. Ng3 h6 13. O-O d5 14. Nh4 Qd7 15. Nhf5 Rd8 16. Be3 Bxe3 17. fxe3 dxe4 18. d4 exd4 19. exd4 Ne7 20. Ne3 Ned5 21. Nef5 e3 22. Rae1 Rde8 23. Qf3 Kh7 24. Nh5 Nxh5 25. Qxh5 Rf6 26. Rf3 Re4 27. Ng3 Rxf3 28. Nxe4 Rf5 29.
Qh3 Qe6 30. Ng3 Rf6 31. Qh5 g6 32. Qd1 Rf2 33. Re2 Rxe2 34. Nxe2 f5 35. Qd3 f4 36.
b3 Qg4 37. h3 Qg5 38. Qe4 b4 39. cxb4 c6 40. a4 Qh4 41. Qe6 Kg7 42. Qd6 Qf2+ 43. Kh2 Qxe2 44. Qd7+ Kf8 45. Qd8+ Kf7 46. Qd7+ Ne7 47. d5 cxd5 0-1

[Event "GrandPrix_29.05"]
[Site "Chess.com"]
[Date "2020.05.29"]
[Round "3"]
[White "Denis0027"]
[Black "MartinCerveny"]
[Result "1-0"]
[WhiteElo "2316"]
[BlackElo "2066"]
[TimeControl "600+2"]
[EndTime "10:25:40 PDT"]
[Termination "Denis0027 won by resignation"]

1. Nf3 d5 2. g3 Nf6 3. Bg2 e6 4. O-O Be7 5. d3 O-O 6. Nbd2 a5 7. e4 a4 8. a3 c5 9. Re1 Nc6 10. e5 Nd7 11. Nf1 Qc7 12. Bf4 b5 13. Ne3 Bb7 14.
h4 Nb6 15. h5 d4 16. Ng4 Nd5 17. Qd2 Rfd8 18. h6 g6 19. Bg5 c4 20. Bxe7 Qxe7 21. dxc4 bxc4 22. Nxd4 Nxd4 23. Qxd4 Rac8 24. Bxd5 Rxd5 25.
Nf6+ Qxf6 26. Qxd5 Qe7 27. Qd6 Qxd6 28. exd6 Kf8 29.
Re3 Bd5 30. Rd1 Rc5 31. b3 cxb3 32. cxb3 axb3 33. Rxb3 Rc8 34. Rb6 Ke8 35. Ra6 g5 36. g4 Rc4 37. Rb1 Rxg4+ 38. Kh2 f5 39. f3 Rh4+ 40. Kg2 Kd7 41. Rbb6 Rc4 42. Ra7+ Kd8 43. Rb8+ Rc8 44. Rxc8+ Kxc8 45. Rxh7 g4 46. Rc7+ Kd8 47. h7 1-0

[Event "GrandPrix_29.05"]
[Site "Chess.com"]
[Date "2020.05.29"]
[Round "3"]
[White "Eltaj_Safarli"]
[Black "Mizner"]
[Result "1-0"]
[WhiteElo "2486"]
[BlackElo "2125"]
[TimeControl "600+2"]
[EndTime "10:25:42 PDT"]
[Termination "Eltaj_Safarli won by resignation"]

1. e4 e6 2. d4 d5 3. Nd2 c5 4. Ngf3 cxd4 5. Nxd4 Nc6 6. Bb5 Bd7 7.
Nxc6 bxc6 8. Bd3 Qc7 9. O-O Ne7 10. Qe2 g6 11. Nf3 Bg7 12. Bg5 Bxb2 13. e5 Bxa1 14. Rxa1 Ng8 15. c4 h6 16. Be3 c5 17. cxd5 exd5 18.
Rc1 c4 19. e6 Bxe6 20. Bd4 Qf4 21. Re1 cxd3 22. Qxd3 Nf6 23. Be5 Qc4 24. Qa3 Rg8 25.
Bxf6 Qc7 26. Nd4 Rb8 27. h3 Rb6 28. Rc1 Qb7 29. Qa4+ Kf8 30. Qc2 g5 31. Qh7 Rg6 32. Qh8+ Rg8 33. Bg7+ Ke7 34. Qxg8 Rb1 1-0

[Event "GrandPrix_29.05"]
[Site "Chess.com"]
[Date "2020.05.29"]
[Round "3"]
[White "PotapovaM"]
[Black "Bengalas"]
[Result "0-1"]
[WhiteElo "2160"]
[BlackElo "2214"]
[TimeControl "600+2"]
[EndTime "10:25:42 PDT"]
[Termination "Bengalas won by checkmate"]

1. d4 Nf6 2. c4 e6 3. Nf3 Bb4+ 4. Nbd2 O-O 5. a3 Be7 6. e4 d6 7. Bd3 Nfd7 8. O-O e5 9. Re1 a5 10. Nb1 Bf6 11. d5 g6 12. Nc3 Bg7 13. Rb1 c5 14. Nb5 Nf6 15. Bg5 h6 16. Bd2 Ne8 17. b4 axb4 18.
axb4 Na6 19. bxc5 Nxc5 20. Bb4 b6 21. Bc2 Bd7 22. Ra1 Rxa1 23. Qxa1 Bxb5 24. cxb5 Nc7 25. Bxc5 dxc5 26. Qb2 Ne8 27. Ra1 Nd6 28. Ra7 Qb8 29.
Rd7 Rd8 30. Rxd8+ Qxd8 31. Nd2 Qa8 32. Bd3 Qa4 33. f3 h5 34. Kf2 Bh6 35. Nb1 f6 36. Ke2 c4 37. Bc2 Qxb5 38. Qa2 Qc5 39. Qa8+ Kg7 40.
Qa7+ Nf7 41. Kd1 Qg1+ 42. Ke2 Qxg2+ 43. Kd1 Qf1# 0-1

[Event "GrandPrix_29.05"]
[Site "Chess.com"]
[Date "2020.05.29"]
[Round "3"]
[White "Matibar"]
[Black "Spartakus1975"]
[Result "1/2-1/2"]
[WhiteElo "2433"]
[BlackElo "2329"]
[TimeControl "600+2"]
[EndTime "10:25:46 PDT"]
[Termination "Game drawn by agreement"]

1. e4 e6 2. d4 d5 3. Nc3 Nf6 4. Bg5 Bb4 5. e5 h6 6. Bh4 g5 7. Bg3 Ne4 8. Ne2 c5 9. a3 Bxc3+ 10. Nxc3 Qa5 11. dxc5 Nxc3 12. Qd2 d4 13. bxc3 dxc3 14.
Qd6 Nd7 15. h4 g4 16. h5 Qxc5 17. Rd1 b6 18. Be2 Qxd6 19. Rxd6 Bb7 20. Bb5 O-O-O 21. Bh4 Bxg2 22. Bxd8 Rxd8 23. Rg1 Bf3 24. Rd3 Nxe5 25. Rxc3+ Kb7 26. Be2 f5 27. Re3 Rd5 28. c4 Ra5 29. Kd2 Kc6 30. Rb1 Kd6 31. Rb5 Bxe2 32. Rxa5 Nxc4+ 33.
Kxe2 Nxa5 34. Rd3+ Ke7 35. Rc3 Kf6 36. Rc7 a6 37.
Ra7 Nc4 38. Rxa6 f4 39. a4 Kf5 40. Kd3 g3 41. fxg3 fxg3 42. Ke2 Kg4 43. Ra8 Nb2 44. Rg8+ Kxh5 45. Rxg3 Nxa4 46. Rb3 Kg5 47. Kf3 Kf5 48.
Rb4 Nc5 49. Rxb6 h5 1/2-1/2

[Event "GrandPrix_29.05"]
[Site "Chess.com"]
[Date "2020.05.29"]
[Round "3"]
[White "pheonixking2000"]
[Black "VSERGUEI"]
[Result "1-0"]
[WhiteElo "2641"]
[BlackElo "2501"]
[TimeControl "600+2"]
[EndTime "10:25:49 PDT"]
[Termination "pheonixking2000 won on time"]

1. c4 e5 2. g3 Nf6 3. Bg2 c6 4. Nf3 e4 5. Nd4 d5 6. Nc3 dxc4 7. Nc2 Bc5 8. O-O h5 9. Ne3 h4 10. Qc2 hxg3 11. hxg3 Bxe3 12. dxe3 Bf5 13. Nxe4 Nxe4 14. Bxe4 Bxe4 15. Qxe4+ Qe7 16. Qxe7+ Kxe7 17. Bd2 Nd7 18. Rfc1 b5 19. b3 a5 20. bxc4 b4 21. c5 Rhb8 22.
Rc4 Rb5 23. a3 b3 24. a4 Rxc5 25. Re4+ Kd8 26. Rb1 Rb8 27. Rd4 Kc7 28. Rd3 b2 29.
Rc3 Rxc3 30. Bxc3 Rb3 31. Bd4 Nb6 32. Rxb2 Rxb2 33. Bxb2 Nxa4 34. Bxg7 Nc5 35. g4 a4 36.
Bb2 Kb6 37. f4 Kb5 38. f5 Kc4 39. Kg2 Kb3 40. Bh8 a3 41. g5 a2 42. Bd4 Ne4 43.
g6 fxg6 44. fxg6 c5 45. Ba1 1-0

[Event "GrandPrix_29.05"]
[Site "Chess.com"]
[Date "2020.05.29"]
[Round "3"]
[White "SantoBlue"]
[Black "BairaKovanova"]
[Result "1-0"]
[WhiteElo "2461"]
[BlackElo "2005"]
[TimeControl "600+2"]
[EndTime "10:25:49 PDT"]
[Termination "SantoBlue won by resignation"]

1. e4 e5 2. Nf3 Nc6 3. Bc4 Nf6 4. d4 exd4 5. e5 d5 6. Bb5 Ne4 7. Nxd4 Bd7 8. Bxc6 bxc6 9. O-O Bc5 10. f3 Ng5 11. f4 Ne4 12. Be3 Bb6 13. Nd2 Nxd2 14. Qxd2 c5 15. Nf3 Bc6 16. a4 a5 17.
f5 d4 18. Bf2 Qd5 19. b3 O-O-O 20. Qd3 g5 21. Rae1 Rhg8 22. Bg3 h5 23. e6 f6 24. Re2 h4 25. Be1 Bb7 26. Nd2 Rh8 27. Ne4 Rh6 28. h3 Qc6 29. Nd2 g4 30. Nc4 gxh3 31.
Qxh3 Rg8 32. Rf4 Rh7 33. Rg4 Rhg7 34. Rxg7 Rxg7 35. Bxh4 Rh7 36. Qg4 Rh8 37. Bxf6 Re8 38. Qg6 Kb8 39. Ne5 1-0

[Event "GrandPrix_29.05"]
[Site "Chess.com"]
[Date "2020.05.29"]
[Round "3"]
[White "vpantev"]
[Black "Murad_Ibrahimli"]
[Result "1-0"]
[WhiteElo "2632"]
[BlackElo "2600"]
[TimeControl "600+2"]
[EndTime "10:26:02 PDT"]
[Termination "vpantev won by resignation"]

1. d4 Nf6 2. Nf3 e6 3. Bf4 b6 4.
e3 Bb7 5. Bd3 c5 6. c3 Be7 7. h3 cxd4 8. cxd4 d6 9. Nc3 O-O 10.
O-O a6 11. Rc1 b5 12. a3 Nbd7 13. Qe2 Re8 14. Bg5 Nf8 15. Bxf6 Bxf6 16. Be4 d5 17. Bb1 Nd7 18. Rc2 Qb8 19. Rfc1 Nb6 20. Ne1 e5 21. dxe5 Bxe5 22. Nf3 Bf6 23. Rd2 g6 24. Nd4 Nc4 25. Rdd1 Qd6 26. Ba2 Rac8 27. a4 b4 28. Nxd5 Qxd5 29.
Nf3 Qf5 30. Rxc4 Rxc4 31. Bxc4 a5 32. b3 Rd8 33. Rxd8+ Bxd8 34. Qd3 Qf6 35. Bd5 Ba6 36. Bc4 Bb7 37. Ne5 Bc7 38. Nxf7 Qa1+ 39. Qf1 Qxf1+ 40. Kxf1 Kg7 41. Ng5 Be5 42. f3 h6 43. Ne6+ Kf6 44. Nc5 Bc6 45. Ke2 Bd6 46. Nd3 g5 47. g4 Be8 48.
Bd5 h5 49. f4 h4 50. Kf3 Bd7 51. Nf2 gxf4 52. exf4 Bc7 53. Ne4+ Ke7 54. f5 Be5 55. Ke3 Bb2 56. Kd3 Be5 57. Ng5 Kf6 58. Nf3 Bg3 59. Be4 Be8 60. g5+ Ke7 61. Bd5 Bd7 62.
f6+ Kd6 63. Ke4 Bxh3 64. g6 Be6 65. Bxe6 Kxe6 66. g7 Kf7 67. Kf5 h3 68. Ng5+ 1-0

[Event "GrandPrix_29.05"]
[Site "Chess.com"]
[Date "2020.05.29"]
[Round "3"]
[White "switlave"]
[Black "crazyboy26"]
[Result "0-1"]
[WhiteElo "1849"]
[BlackElo "2265"]
[TimeControl "600+2"]
[EndTime "10:26:03 PDT"]
[Termination "crazyboy26 won by checkmate"]

1. d4 e6 2. Bf4 c5 3. e3 Nc6 4. c3 Nf6 5. Nd2 d5 6. Ngf3 c4 7.
b3 b5 8. Qc2 Nh5 9. Bg5 f6 10.
Bh4 g5 11. g4 gxh4 12. gxh5 f5 13. a4 cxb3 14. Qxb3 bxa4 15. Qxa4 Bd7 16. Bb5 Rc8 17.
c4 dxc4 18. Nxc4 a6 19. Qxa6 Bb4+ 20. Ke2 O-O 21. Rhg1+ Kh8 22. Qa4 f4 23. h6 fxe3 24. fxe3 Qf6 25. Raf1 Ra8 26. Qb3 Qf5 27. Qd3 Ra2+ 28.
Ncd2 Nxd4+ 29. Nxd4 Qh5+ 30. Ke1 Ra1+ 31. Qb1 Rxb1# 0-1

[Event "GrandPrix_29.05"]
[Site "Chess.com"]
[Date "2020.05.29"]
[Round "3"]
[White "Frozygul"]
[Black "GMStefanova"]
[Result "0-1"]
[WhiteElo "2173"]
[BlackElo "2510"]
[TimeControl "600+2"]
[EndTime "10:26:07 PDT"]
[Termination "GMStefanova won by resignation"]

1. d4 d5 2. Bf4 Nf6 3. e3 e6 4.
Nd2 Bd6 5. Bg3 O-O 6. Bd3 c5 7. c3 Qc7 8. f4 c4 9. Bc2 b5 10. Bh4 Be7 11. Ngf3 Bb7 12. O-O Ne4 13. Nxe4 dxe4 14.
Bxe7 Qxe7 15. Nd2 f5 16. a4 a6 17. axb5 axb5 18. Rxa8 Bxa8 19. b3 Bd5 20. b4 Nd7 21. Qb1 Nf6 22. Re1 Bc6 23. Qb2 Nd5 24. Nf1 g5 25. g3 h5 26. Bd1 h4 27. Re2 Kf7 28.
Qa1 Ra8 29. Qc1 Rh8 30. Ra2 Kf6 31. Qd2 hxg3 32. Nxg3 gxf4 33. Nh5+ Rxh5 34. Bxh5 Qh7 35. Ra6 Qxh5 36. Rxc6 fxe3 37. Qa2 Qd1+ 0-1

[Event "GrandPrix_29.05"]
[Site "Chess.com"]
[Date "2020.05.29"]
[Round "3"]
[White "PlayChessSimple"]
[Black "wannabe2700"]
[Result "0-1"]
[WhiteElo "2232"]
[BlackElo "2175"]
[TimeControl "600+2"]
[EndTime "10:26:07 PDT"]
[Termination "wannabe2700 won on time"]

1. e4 e6 2. d4 d5 3. e5 c5 4. c3 Nc6 5. Nf3 Nge7 6. Be2 cxd4 7. cxd4 Nf5 8. Nc3 Qb6 9. Na4 Bb4+ 10. Kf1 Qc7 11.
a3 Bf8 12. b4 b6 13. Bb2 Bd7 14. Rc1 Qb7 15. g3 f6 16. Kg2 fxe5 17. b5 Ncxd4 18.
Nxe5 Nxb5 19. Bh5+ Ke7 20. Re1 Nbd6 21. Qd2 Kd8 22.
Nc3 Be7 23. Ne2 Bf6 24. Nf4 Rc8 25. Nxd7 Rxc1 26. Nxf6 Rxe1 27. Qxe1 Kc7 28. Nxe6+ Kb8 29. Ne8 Nxe8 30. Bxe8 d4+ 31. Kg1 Ne3 32. fxe3 Rxe8 33. Nxd4 Qe4 34. Kf2 Rf8+ 35. Kg1 Re8 36. Kf2 g5 37.
Qe2 Rf8+ 38. Kg1 Re8 39. Kf2 g4 40. Bc1 Rf8+ 41. Kg1 Qb1 42. Qd2 Rc8 43. Ne2 Rc2 44. Qd8+ Kb7 45. Qd7+ Rc7 46. Qd5+ Ka6 47. Qd2 Qe4 48. Kf2 Rc2 0-1